 Dungeon Crawl Stone Soup version 0.27-a0-512-g57cc695410 (webtiles) character file.

Game seed: 9714521067563826959

358 kae the Chopper (level 6, 0/57 HPs)
             Began as a Hill Orc Fighter on Mar 3, 2021.
             Was an Initiate of Qazlal.
             Slain by a salamander (13 damage)
             ... on level 4 of the Dungeon.
             The game lasted 00:01:47 (4107 turns).

kae the Chopper (Hill Orc Fighter)                  Turns: 4107, Time: 00:01:48

Health: 0/57       AC:  6    Str: 21    XL:     6   Next: 64%
Magic:  6/6        EV:  7    Int:  8    God:    Qazlal [......]
Gold:   101        SH:  9    Dex: 10    Spells: 5/5 levels left

rFire    . . .     SeeInvis +   a - +0 war axe
rCold    . . .     Faith    .   c - +0 kite shield
rNeg     . . .     Spirit   .   b - +0 scale mail
rPois    +         Reflect  .   (no helmet)
rElec    .         Harm     .   (no cloak)
rCorr    .         Rampage  .   (no gloves)
Will     .....                  (no boots)
Stlth    ..........             (no amulet)
HPRegen  0.19/turn              g - ring of poison resistance
MPRegen  0.10/turn              e - ring of see invisible

@: no status effects
A: no striking features
a: Renounce Religion


You were on level 4 of the Dungeon.
You worshipped Qazlal.
Qazlal was noncommittal.
You visited 2 branches of the dungeon, and saw 5 of its levels.

You collected 101 gold pieces.

Inventory:

Hand Weapons
 a - a +0 war axe (weapon)
Armour
 b - a +0 scale mail (worn)
 c - a +0 kite shield (worn)
Jewellery
 d - a ring of resist corrosion
 e - a ring of see invisible (right hand)
 f - a ring of ice
 g - a ring of poison resistance (left hand)
 o - an amulet of regeneration
Wands
 m - a wand of polymorph (2)
Scrolls
 k - a scroll of teleportation
Potions
 h - 4 potions of curing
 i - a potion of brilliance
 j - 2 potions of lignification
 l - a potion of berserk rage {unknown}


   Skills:
 + Level 5.7 Fighting
 * Level 7.5 Axes
 - Level 3.2 Armour
 - Level 3.2 Shields


You had 5 spell levels left.
You didn't know any spells.
Your spell library was empty.

Dungeon Overview and Level Annotations

Branches:
Dungeon (4/15)             Temple (1/1) D:4

Altars:
Ashenzari
Dithmenos
Fedhas
Hepliaklqana
Kikubaaqudgha
Makhleb
Nemelex Xobeh
Okawaru
Qazlal
Sif Muna
Vehumet
Wu Jian
Yredelemnul
The Shining One

Annotations:
D:3 3 runed translucent doors, bmj180's ghost, amateur GnWn


Message History

There is a fountain of clear blue water here.
An ogre comes into view. It is wielding a +0 giant spiked club.
Aiming: Polymorph
Press: ? - help, Shift-Dir - straight line, f - ogre
Aim: an ogre, wielding a +0 giant spiked club (will become a basilisk, a fire bat, or a salamander, chance to affect: 46%)
The ogre resists with some effort.
Aiming: Polymorph
Press: ? - help, Shift-Dir - straight line, f/p - ogre
Aim: an ogre, wielding a +0 giant spiked club (will become a basilisk, a fire bat, or a salamander, chance to affect: 46%)
The ogre evaporates and reforms as a salamander!
You slash the salamander!
The salamander is lightly wounded.
The salamander hits you!
You are engulfed in flames!
You hit the salamander.
The salamander is lightly wounded.
The salamander hits you but does no damage.
You barely miss the salamander.
The salamander is lightly wounded.
The salamander hits you.
You are engulfed in flames!
The salamander hits you but does no damage.
You barely miss the salamander.
The salamander is lightly wounded.
You block the salamander's attack.
You hit the salamander but do no damage.
The salamander is lightly wounded.
You block the salamander's attack. x2
You hit the salamander.
The salamander is moderately wounded.
The salamander hits you.
You are engulfed in flames!
* * * LOW HITPOINT WARNING * * *
You closely miss the salamander.
The salamander is moderately wounded.
The salamander barely misses you.
You slash the salamander!
The salamander is moderately wounded.
The salamander hits you but does no damage.
The salamander hits you.
* * * LOW HITPOINT WARNING * * *
You are engulfed in flames!
You die...

.# #..# #.# .#
######..#####.##.###
...........##.##...
#######.##.##.#...##
#.##.##......#
#.##.##.#...#
#.......##.#
####.......#
#######@# #N# #.#
#)# #.# #.# ..# ...


You could see a salamander.

Vanquished Creatures
  2 ice beasts (D:2)
  Jessica (D:3)
  Robin (D:2)
  A gnoll (D:1)
  3 adders
  6 dart slugs
  4 leopard geckos
  5 orcs (D:3)
  4 giant cockroaches
  17 goblins
  6 hobgoblins
  2 jackals (D:2)
  A quokka (D:2)
  7 bats
  4 frilled lizards
  9 kobolds
  9 rats
82 creatures vanquished.

Notes
Turn   | Place    | Note
-------+----------+-------------------------------------------
     0 | D:1      | kae the Hill Orc Fighter began the quest for the Orb.
     0 | D:1      | Reached XP level 1. HP: 19/19 MP: 1/1
   144 | D:1      | Reached skill level 3 in Axes
   150 | D:1      | Reached XP level 2. HP: 22/27 MP: 2/2
   312 | D:1      | Reached skill level 4 in Axes
   312 | D:1      | Reached XP level 3. HP: 17/33 MP: 3/3
  1560 | D:2      | Reached XP level 4. HP: 35/41 MP: 4/4
  1830 | D:2      | Found a broken altar of Ashenzari.
  1853 | D:2      | Reached skill level 5 in Axes
  1965 | D:2      | Noticed Robin
  1982 | D:2      | Killed Robin
  2168 | D:2      | Found a basalt altar of Yredelemnul.
  2170 | D:2      | Noticed a profane servitor
  2185 | D:2      | Found a glowing golden altar of the Shining One.
  2188 | D:2      | Noticed an angel
  2315 | D:2      | Noticed an ice beast
  2331 | D:2      | HP: 2/41 [ice beast (11)]
  2338 | D:2      | Killed an ice beast
  2339 | D:2      | Reached skill level 5 in Fighting
  2339 | D:2      | Reached skill level 6 in Axes
  2339 | D:2      | Reached XP level 5. HP: 6/48 MP: 5/5
  2613 | D:2      | Noticed an ice beast
  2672 | D:2      | Killed an ice beast
  2673 | D:2      | Reached skill level 7 in Axes
  2673 | D:2      | Reached XP level 6. HP: 21/56 MP: 6/6
  2998 | D:2      | Found an ornate altar of the Wu Jian Council.
  3228 | D:3      | Noticed a wyvern
  3232 | D:3      | Noticed bmj180's ghost (amateur GnWn)
  3465 | D:3      | Noticed Jessica
  3475 | D:3      | Killed Jessica
  3681 | D:3      | Found an iron altar of Okawaru.
  3851 | D:3      | Found a runed translucent gate.
  3851 | D:3      | Found a runed translucent gate.
  3851 | D:3      | Found a runed translucent gate.
  3944 | D:4      | Found a staircase to the Ecumenical Temple.
  3993 | Temple   | Entered the Ecumenical Temple
  4034 | Temple   | Became a worshipper of Qazlal Stormbringer
  4098 | D:4      | Noticed a salamander
  4098 | D:4      | an ogre changed into a salamander
  4107 | D:4      | Slain by a salamander

Illustrated notes

Levels and vault maps discovered:
D:1:      dpeg_cavernosity, layout_basic
D:2:      layout_loops_corners, grunt_temple_overflow_holy_war,
          old_standard_altar, nzn_wu_jian_council_hall, uniq_robin
D:3:      layout_basic, nicolae_overflow_crystal_walls, gammafunk_ghost_split,
          uniq_jessica
D:4:      layout_loops_corners, overflow_temple_1_default,
          overflow_temple_1_default, minmay_temple_entry_junction,
          portal_sewer_entry_a, cheibrodos_ashenzari_chains, uniq_pikel
Temple:   jpeg_temple_island

Skill      XL: |  1  2  3  4  5 |
---------------+----------------+-----
Axes           | 3 4 6 7 |  7.5
Fighting       | 4 5 |  5.7
Armour         | |  3.2
Shields        | |  3.2

Action                   |  1- 3 |  4- 6 || total
-------------------------+-------+-------++-------
Melee: War axe           |    99 |   148 ||   247
       Unarmed           |       |     2 ||     2
Evoke: Wand              |       |     2 ||     2
  Use: Scroll            |     2 |     3 ||     5
       Potion            |       |     2 ||     2
Armor: Scale mail        |    59 |    74 ||   133
       Skin              |       |     1 ||     1
Dodge: Dodged            |    33 |    52 ||    85
Block: Kite shield       |    53 |    72 ||   125

Table legend: (Time is in decaauts)
 A = Elapsed time spent in this place.
 B = Non-inter-level travel time spent in this place.
 C = Inter-level travel time spent in this place.
 D = Time resting spent in this place.
 E = Time spent auto-exploring this place.
 F = Levels seen in this place.
 G = Mean time per level.
                   A        B        C        D        E       F      G
               +--------+--------+--------+--------+--------+-----+--------+
         Total |   4221 |   4040 |    181 |    309 |   3155 |   5 |  844.2 |
       Dungeon |   4144 |   3997 |    147 |    309 |   3123 |   4 | 1036.0 |
        Temple |     76 |     42 |     34 |      0 |     32 |   1 |   76.0 |
               +--------+--------+--------+--------+--------+-----+--------+

Top non-repeatable levels by time:
     D:2: 1728 daAuts
     D:1: 1576 daAuts
     D:3: 727 daAuts
     D:4: 112 daAuts
  Temple: 76 daAuts
